 Dungeon Crawl Stone Soup version 0.28.0 (webtiles) character file.

Game seed: 13724689965021484845

2621 GrayStillPlays the Skirmisher (level 9, -1/79 HPs)
             Began as a White Draconian Fighter on Feb 9, 2022.
             Succumbed to a killer bee's poison
             ... on level 7 of the Dungeon.
             The game lasted 00:11:33 (6903 turns).

GrayStillPlays the Skirmisher (DrFi)                Turns: 6903, Time: 00:11:33

Health: -1/79      AC:  8    Str: 18    XL:     9   Next: 34%
Magic:  10/25      EV: 15    Int: 13    God:
Gold:   317        SH:  5    Dex: 18    Spells: 18/18 levels left

rFire   . . .      SeeInvis .   w - +9 mace of Sloth {freeze, Dex+7, mace}
rCold   + . .      Faith    .   b - +0 buckler
rNeg    + . .      Spirit   +   (armour unavailable)
rPois   .          Reflect  .   (helmet restricted)
rElec   .          Harm     .   v - +0 cloak
rCorr   .          Rampage  .   (no gloves)
Will    .....                   (no boots)
Stlth   ++........              f - amulet of guardian spirit
HPRegen 0.23/turn               i - ring of magical power
MPRegen 0.19/turn               D - ring of positive energy

@: lethally poisoned (-1 -> -19)
A: breathe frost, AC +7, unfitting armour, cold resistance 1, cold-blooded
a: Breathe Frost


You were on level 7 of the Dungeon.
You visited 1 branch of the dungeon, and saw 7 of its levels.

You collected 317 gold pieces.


Innate Abilities, Weirdness & Mutations

You can breathe waves of freezing cold which knock back foes.
Your icy white scales are hard. (AC +7)
You cannot fit into any form of body armour.
Your flesh is cold resistant. (rC+)
You are cold-blooded and may be slowed by cold attacks.


   Skills:
 + Level 7.3 Fighting
 - Level 3.5(4.8) Axes
 + Level 4.9(5.4) Maces & Flails
 + Level 6.0 Dodging
 - Level 4.0 Shields
 + Level 5.1 Spellcasting
 + Level 3.6 Evocations


You had 18 spell levels left.
You didn't know any spells.
Your spell library contained the following spells:

 Spells                   Type           Power      Damage    Failure   Level
 Sandblast                Erth           6%         2d5       24%         1
 Ensorcelled Hibernation  Hex/Ice        6%         N/A       34%         2
 Passwall                 Tmut/Erth      2%         N/A       34%         2
 Gell's Gravitas          Tloc           3%         N/A       56%         3
 Lesser Beckoning         Tloc           3%         N/A       56%         3
 Stone Arrow              Conj/Erth      6%         3d7       56%         3
 Swiftness                Air            3%         N/A       56%         3
 Teleport Other           Tloc           3%         N/A       56%         3

Inventory:

Hand Weapons
 w - the +9 mace of Sloth (weapon) {freeze, Dex+7, mace}
   (You found it on level 2 of the Dungeon)

   It freezes those it strikes, dealing additional cold damage.
   It can also slow down cold-blooded creatures.
   Dex:       It affects your dexterity (+7).
Missiles
 d - 47 sling bullets
 g - 78 stones (quivered) {throwing}
 j - 57 bolts
 t - 6 curare-tipped darts {=fthrowing}
 x - 5 javelins {throwing}
 C - 4 poisoned darts {throwing}
 E - 11 arrows
Armour
 b - a +0 buckler (worn)
 v - a +0 cloak (worn)
   (You took it off Crazy Yiuf on level 2 of the Dungeon)
Jewellery
 f - an amulet of guardian spirit (around neck)
   (You found it on level 1 of the Dungeon)
 i - a ring of magical power (left hand)
   (You found it on level 2 of the Dungeon)
 D - a ring of positive energy (right hand)
   (You found it on level 6 of the Dungeon)
Wands
 c - a wand of flame (43)
   (You found it on level 4 of the Dungeon)
 B - a wand of charming (11)
   (You found it on level 6 of the Dungeon)
Scrolls
 e - 2 scrolls of immolation {unknown}
 n - 3 scrolls of noise {unknown}
 p - 2 scrolls of fear {unknown}
 q - a scroll of fog {unknown}
 u - 2 scrolls of magic mapping {unknown}
 y - a scroll of enchant armour {unknown}
 z - a scroll of torment {unknown}
 A - a scroll of silence {unknown}
Potions
 a - a potion of brilliance {unknown}
 h - a potion of attraction {unknown}
 k - 3 potions of curing {unknown}
 l - a potion of flight {unknown}
 m - a potion of magic {unknown}
 o - a potion of heal wounds {unknown}
 r - a potion of invisibility {unknown}
 s - 2 potions of cancellation {unknown}

Dungeon Overview and Level Annotations

Branches:
Dungeon (7/15)
 Temple: D:4-7

Altars:
Cheibriados
Dithmenos
Fedhas
Hepliaklqana
Okawaru
Qazlal

Shops:
D:5

*
..........##
#.....(....#
#..........#
#..........#
#..........#
#.....>....#
#Zyy.....#
#.@..†.#
########


You could see 2 killer bees and a centaur skeleton.


Message History

You block the killer bee's attack. 😕 HP[-11] MP[-2]
You take 11 damage, and now have 60/79 hp.
You lost 2 mp, and now have 22/25 mp.
You closely miss the killer bee.
You feel very sick. You block the killer bee's attack.
The killer bee stings you. The killer bee barely misses you.
You block the killer bee's attack. The killer bee stings you.
The killer bee barely misses you. 😮 HP[-6] MP[-1]
You take 6 damage, and now have 54/79 hp.
You lost 1 mp, and now have 21/25 mp.
You closely miss the killer bee.
Your tail-slap misses the killer bee.
You feel sick. You block the killer bee's attack.
The killer bee closely misses you. The killer bee stings you.
The killer bee completely misses you. The killer bee stings you.
You are more poisoned.
The killer bee poisons you! The killer bee stings you.
You are more poisoned.
The killer bee poisons you!
The centaur skeleton closely misses you. x2
You block the killer bee's attack.
The killer bee misses you. x2 😮 HP[-5] MP[-1]
You take 5 damage, and now have 49/79 hp.
You lost 1 mp, and now have 20/25 mp.
You sock the killer bee! You freeze the killer bee.
You kill the killer bee!
You feel very sick.
The killer bee stings you but does no damage. x2
The centaur skeleton completely misses you. x2
The killer bee stings you. The centaur skeleton barely misses you.
The centaur skeleton kicks you but does no damage. 😮 HP[-9] MP[-1]
You take 9 damage, and now have 40/79 hp.
You lost 1 mp, and now have 19/25 mp.
You closely miss the killer bee.
You feel very sick. The killer bee stings you. x2
* * * LOW HITPOINT WARNING * * *
You are more poisoned.
The killer bee poisons you! The killer bee closely misses you.
The killer bee stings you.
* * * LOW HITPOINT WARNING * * *
You are lethally poisoned!
The killer bee poisons you! The killer bee closely misses you.
The centaur skeleton closely misses you.
The centaur skeleton kicks you but does no damage.
The killer bee stings you.
* * * LOW HITPOINT WARNING * * *
The killer bee barely misses you. x2 😨 HP[-11] MP[-4]
You take 11 damage, and now have 29/79 hp.
You lost 4 mp, and now have 15/25 mp.
Unknown command.
You hit the killer bee. You freeze the killer bee.
* * * LOW HITPOINT WARNING * * *
You feel extremely sick. The killer bee closely misses you.
The killer bee barely misses you. The killer bee stings you.
* * * LOW HITPOINT WARNING * * *
The centaur skeleton hits you but does no damage.
You block the centaur skeleton's attack.
The killer bee stings you but does no damage.
The killer bee barely misses you. The killer bee misses you.
The centaur skeleton barely misses you.
The centaur skeleton kicks you but does no damage. 😱 HP[-10] MP[-1]
You take 10 damage, and now have 19/79 hp.
You lost 1 mp, and now have 14/25 mp.
You miss the killer bee.
* * * LOW HITPOINT WARNING * * *
You feel very sick. You block the killer bee's attack.
The killer bee misses you.
The killer bee barely misses you. x2; The killer bee misses you.
The killer bee stings you!
* * * LOW HITPOINT WARNING * * *
You are more poisoned.
The killer bee poisons you!
You block the centaur skeleton's attack.
The centaur skeleton completely misses you.
The killer bee closely misses you. 😱 HP[-10] MP[-4]
You take 10 damage, and now have 9/79 hp.
You lost 4 mp, and now have 10/25 mp.
You thump the killer bee! You freeze the killer bee!
You kill the killer bee!
* * * LOW HITPOINT WARNING * * *
You feel extremely sick.
The killer bee stings you but does no damage.
You block the killer bee's attack.
The killer bee stings you but does no damage.
You block the centaur skeleton's attack.
The centaur skeleton barely misses you. The killer bee barely misses you.
The centaur skeleton closely misses you.
You block the centaur skeleton's attack.
The killer bee stings you. 😱 HP[-7]
You take 7 damage, and now have 2/79 hp.
You have got your breath back.
You die...

Skill      XL: |  1  2  3  4  5  6  7  8  9 |
---------------+----------------------------+-----
Dodging        | 3 4 5 6 |  6.0
Spellcasting   | 1 2 3 4 5 |  5.1
Fighting       | 4 5 6 7 |  7.3
Axes           | 3 |  3.5
Shields        | 4 |  4.0
Maces & Flails | 1 3 4 |  4.9
Evocations     | 2 3 |  3.6

Action                   |  1- 3 |  4- 6 |  7- 9 || total
-------------------------+-------+-------+-------++-------
Melee: War axe           |   116 |    62 |       ||   178
       Tailslap          |    12 |    13 |    23 ||    48
       Mace              |       |    19 |   158 ||   177
Throw: Dart              |       |     5 |       ||     5
       Stone             |       |     3 |     1 ||     4
 Abil: Breathe Frost     |       |       |    15 ||    15
  Use: Potion            |       |     1 |       ||     1
 Stab: Sleeping          |     3 |       |     2 ||     5
Armor: Skin              |    33 |    19 |    47 ||    99
Dodge: Dodged            |    76 |    38 |   132 ||   246
Block: Buckler           |    26 |    17 |    47 ||    90

Levels and vault maps discovered:
D:1:      dpeg_arrival_court, layout_loops_ring,
          shapermc_ecumenical_altar_ellora, minmay_misc_feat_nine_boxes,
          minmay_misc_feat_plants
D:2:      layout_basic, basic_altar, nicolae_elevator_lobby_asterisk,
          uniq_crazy_yiuf_cottage
D:3:      layout_loops_ring, mainiacjoe_overflow_24_doors,
          kennysheep_generic_room_2, uniq_grinder
D:4:      layout_loops_cross, uniq_menkaure, uniq_blork_the_orc
D:5:      layout_gridville, nicolae_concentric_dashed_squares_mild,
          minmay_shop_damaged, minmay_a_box_with_orc_wizards_in_it
D:6:      layout_cave_pods, grunt_dithmenos_shadows, mainiacjoe_overflow_swirl,
          marbit_many_paths, st_stairs_2, chequers_serial_rivers_room_a,
          minmay_tree_intersection, hangedman_feature_mirror
D:7:      layout_rooms, mainiacjoe_overflow_surrounded_room,
          minmay_temple_entry_stoned_glass, enter_bailey_2, serial_bayou_lake_a,
          uniq_pikel

Notes
Turn   | Place    | Note
-------+----------+-------------------------------------------
     0 | D:1      | GrayStillPlays the Draconian Fighter began the quest for
                  | the Orb.
     0 | D:1      | Reached XP level 1. HP: 19/19 MP: 1/1
     0 | D:1      | magus.rc [v1.9.6]
   272 | D:1      | Reached XP level 2. HP: 24/26 MP: 2/2
   654 | D:1      | Found a faded altar of an unknown god.
   680 | D:1      | Reached skill level 3 in Dodging
   827 | D:1      | Reached XP level 3. HP: 24/31 MP: 3/3
  1292 | D:2      | Found a hazy altar of Hepliaklqana.
  1374 | D:2      | Found a runed translucent door.
  1375 | D:2      | Noticed Crazy Yiuf
  1903 | D:3      | Reached skill level 1 in Spellcasting
  1903 | D:3      | Reached XP level 4. HP: 18/40 MP: 5/5
  2120 | D:3      | HP: 7/40 [gnoll (7)]
  2123 | D:3      | Reached skill level 4 in Fighting
  2130 | D:3      | HP: 5/40 [gnoll (3)]
  2762 | D:3      | Noticed Grinder
  2763 | D:3      | Paralysed by Grinder for 6 turns
  2776 | D:3      | Killed Grinder
  2777 | D:3      | Reached skill level 3 in Axes
  2777 | D:3      | Reached skill level 4 in Shields
  2777 | D:3      | Reached skill level 2 in Spellcasting
  2777 | D:3      | Reached XP level 5. HP: 21/47 MP: 4/8
  2777 | D:3      | Reached XP level 6. HP: 23/53 MP: 4/9
  2982 | D:3      | Found a blossoming altar of Fedhas.
  3349 | D:2      | Killed Crazy Yiuf
  3354 | D:2      | Identified the +9 mace of Sloth {freeze, Dex+7}
  3358 | D:2      | HP: 13/53 [poisoned by Crazy Yiuf]
  3835 | D:4      | Reached skill level 4 in Dodging
  3981 | D:4      | Noticed Blork the orc
  3989 | D:4      | Killed Blork the orc
  3990 | D:4      | Reached skill level 5 in Fighting
  3990 | D:4      | Reached skill level 1 in Maces & Flails
  4116 | D:4      | Your scales start taking on an icy white colour.
  4116 | D:4      | Reached XP level 7. HP: 55/61 MP: 11/11
  4116 | D:4      | Gained mutation: Your flesh is cold resistant. (rC+) [White
                  | Draconian growth]
  4164 | D:4      | You pick up a book of Displacement and begin reading...
  4164 | D:4      | You add the spells Lesser Beckoning, Gell's Gravitas and
                  | Teleport Other to your library.
  4190 | D:4      | Reached skill level 3 in Spellcasting
  4217 | D:4      | Reached skill level 2 in Maces & Flails
  4541 | D:4      | Noticed Menkaure
  4550 | D:4      | Killed Menkaure
  4771 | D:5      | Entered Level 5 of the Dungeon
  4796 | D:5      | Found Rytyvy's Lightly-Used Armoury.
  4823 | D:5      | Reached skill level 3 in Maces & Flails
  4823 | D:5      | Reached XP level 8. HP: 68/70 MP: 13/13
  5041 | D:5      | Reached skill level 6 in Fighting
  5041 | D:5      | Reached skill level 5 in Dodging
  5106 | D:5      | Reached skill level 1 in Evocations
  5124 | D:5      | You pick up a book of Burglary and begin reading...
  5124 | D:5      | You add the spells Passwall, Ensorcelled Hibernation and
                  | Swiftness to your library.
  5239 | D:5      | Reached skill level 4 in Spellcasting
  5819 | D:6      | Reached skill level 2 in Evocations
  5823 | D:6      | Reached skill level 4 in Maces & Flails
  5980 | D:6      | Found an iron altar of Okawaru.
  6058 | D:6      | Reached XP level 9. HP: 62/78 MP: 16/16
  6069 | D:6      | Reached skill level 3 in Evocations
  6072 | D:6      | Reached skill level 7 in Fighting
  6287 | D:6      | Found a blossoming altar of Fedhas.
  6357 | D:6      | Found a snail-covered altar of Cheibriados.
  6438 | D:6      | Reached skill level 5 in Spellcasting
  6440 | D:6      | You pick up a book of Geomancy and begin reading...
  6440 | D:6      | You add the spells Sandblast and Stone Arrow to your
                  | library.
  6484 | D:6      | Found a hazy altar of Hepliaklqana.
  6504 | D:6      | Found a stormy altar of Qazlal.
  6772 | D:6      | Found a shadowy altar of Dithmenos.
  6893 | D:7      | Reached skill level 6 in Dodging
  6900 | D:7      | HP: 19/79 [killer bee (2)]
  6901 | D:7      | HP: 9/79 [killer bee (4)]
  6902 | D:7      | HP: 2/79 [poisoned by a killer bee]
  6903 | D:7      | Succumbed to a killer bee's poison

Vanquished Creatures
  Grinder (D:3)
  Menkaure (D:4)
  An ice beast (D:5)
  A sky beast (D:6)
  A hornet zombie (D:6)
  2 black bears
  2 necrophages
  2 orc warriors (D:6)
  2 ogres
  A phantom (D:6)
  Blork the orc (D:4)
  3 scorpions
  4 killer bees (D:7)
  A wight (D:6)
  A bullfrog skeleton (D:6)
  A centaur zombie (D:4)
  An orc priest (D:6)
  Crazy Yiuf (D:2)
  3 jellies (D:4)
  3 hounds
  3 iguanas
  6 orc wizards
  2 hound skeletons
  8 gnolls
  3 adders
  A shadow imp (D:6)
  An ufetubus (D:5)
  3 worms
  3 dart slugs
  16 orcs
  6 ball pythons
  2 bats
  7 endoplasms
  4 giant cockroaches
  4 hobgoblins
  6 jackals (D:1)
  7 quokkas
  3 frilled lizards
  9 goblins
  4 kobolds
  6 rats
137 creatures vanquished.

Vanquished Creatures (others)
  A fungus (D:2)
  2 plants (D:1)
3 creatures vanquished.

Grand Total: 140 creatures vanquished

Table legend:
 A = Non-vault XP
 B = Vault XP
 C = Vault XP percentage of total XP
 D = Non-vault monster count
 E = Vault monster count
 F = Vault count percentage of total count
                 A         B        C        D         E       F
            +---------+---------+-------+---------+---------+-------
      Total |    2572 |    1173 |  31.3 |     123 |      14 |  10.2
            +---------+---------+-------+---------+---------+-------
        D:1 |      44 |       0 |   0.0 |      24 |       0 |   0.0
        D:2 |      49 |      42 |  46.2 |      18 |       1 |   5.3
        D:3 |      86 |     288 |  77.0 |      19 |       2 |   9.5
        D:4 |     627 |     269 |  30.0 |      20 |       2 |   9.1
        D:5 |     630 |      72 |  10.3 |      16 |       2 |  11.1
        D:6 |     892 |     502 |  36.0 |      22 |       7 |  24.1
        D:7 |     244 |       0 |   0.0 |       4 |       0 |   0.0
            +---------+---------+-------+---------+---------+-------

Illustrated notes

Table legend:
 A = Kills in this place as a percentage of kills in entire the game.
 B = Kills by you in this place as a percentage of kills by you in the entire game.
 C = Kills by friends in this place as a percentage of kills by friends in the entire game.
 D = Other kills in this place as a percentage of other kills in the entire game.
 E = Experience gained in this place as a percentage of experience gained in the entire game.
 F = Experience gained in this place divided by the number of levels of this place that you have seen.
                   A       B       C       D       E      F
               +-------+-------+-------+-------+-------+----------------------
         Total | 100.0 | 100.0 |   N/A |   N/A | 100.0 | 535.0
       Dungeon | 100.0 | 100.0 |   N/A |   N/A | 100.0 | 535.0
               +-------+-------+-------+-------+-------+----------------------

Table legend: (Time is in decaauts)
 A = Elapsed time spent in this place.
 B = Non-inter-level travel time spent in this place.
 C = Inter-level travel time spent in this place.
 D = Time resting spent in this place.
 E = Time spent auto-exploring this place.
 F = Levels seen in this place.
 G = Mean time per level.
                   A        B        C        D        E       F      G
               +--------+--------+--------+--------+--------+-----+--------+
         Total |   7028 |   6683 |    345 |    640 |   5002 |   7 | 1004.0 |
       Dungeon |   7028 |   6683 |    345 |    640 |   5002 |   7 | 1004.0 |
               +--------+--------+--------+--------+--------+-----+--------+

Top non-repeatable levels by time:
     D:2: 1708 daAuts
     D:3: 1190 daAuts
     D:6: 1105 daAuts
     D:5: 1038 daAuts
     D:1: 994 daAuts
     D:4: 975 daAuts
     D:7: 14 daAuts
